 Dungeon Crawl Stone Soup version 0.31-a0-236-g9a0961fb85 (webtiles) character file.

Game seed: 8782576809183954511

4985 qw the Skirmisher (level 10, -1/88 HPs)
             Began as a Minotaur Hexslinger on July 10, 2023.
             Was a Believer of Okawaru.
             Slain by a two-headed ogre
             ... wielding a +0 giant spiked club
              (15 damage)
             ... on level 9 of the Dungeon.
             The game lasted 00:02:58 (8222 turns).

qw the Skirmisher (Minotaur Hexslinger)             Turns: 8222, Time: 00:02:59

Health: -1/88      AC: 14    Str: 13      XL:     10   Next: 29%
Magic:  12/12      EV: 19    Int: 10      God:    Okawaru [**....]
Gold:   540        SH:  0    Dex: 16 (17) Spells: 10/11 levels left

rFire   . . .        Y - +0 orcbow (flame)
rCold   . . .        (shield currently unavailable)
rNeg    . . .        i - +0 ring mail
rPois   .            (helmet restricted)
rElec   .            e - +1 cloak of Starlight {*Dazzle EV+4 Stlth--}
rCorr   .            h - +0 pair of gloves
SInv    +            (no boots)
Will    .....        (no amulet) Stlth
                     a - +4 ring of protection
HPRegen 0.34/turn    c - ring of see invisible
MPRegen 0.13/turn

%: clarity
@: about to teleport, heroic
A: horns 2, retaliatory headbutt, clarity, deterioration 1
a: Renounce Religion, Heroism


You were on level 9 of the Dungeon.
You worshipped Okawaru.
Okawaru was pleased with you.
You visited 2 branches of the dungeon, and saw 10 of its levels.

You collected 540 gold pieces.


Innate Abilities, Weirdness & Mutations

You have a pair of horns on your head.
You reflexively headbutt those who attack you in melee.
You possess an exceptional clarity of mind.
Your body sometimes deteriorates upon taking damage.


   Skills:
 - Level 8.0(13.0) Fighting
 + Level 12.8(17.8) Ranged Weapons
 - Level 4.1(9.1) Armour
 - Level 5.3(10.3) Dodging
 - Level 1.0 Spellcasting
 - Level 2.0 Hexes
 - Level 4.0 Invocations


You had 10 spell levels left.
You knew the following spells:

 Your Spells              Type           Power      Damage    Failure   Level
a - Slow                  Hex            16%        N/A       28%         1

Your spell library contained the following spells:

 Spells                   Type           Power      Damage    Failure   Level
 Inner Flame              Hex/Fire       2%         N/A       77%         3
 Portal Projectile        Hex/Tloc       4%         N/A       77%         3
 Cause Fear               Hex            2%         N/A       95%         4

Inventory:

Hand Weapons
 Y - a +0 orcbow of flaming (weapon)
Armour
 e - the +1 cloak of Starlight (worn) {*Dazzle EV+4 Stlth--}
   (You acquired it on level 1 of the Dungeon)

   *Dazzle:   It may blind those who miss an attack against the wearer in melee
   combat.
   EV:        It affects your evasion (+4).
   Stlth:     It makes you much less stealthy.
 h - a +0 pair of gloves (worn)
 i - a +0 ring mail (worn)
Jewellery
 a - a +4 ring of protection (left hand)
 c - a ring of see invisible (right hand)
Scrolls
 n - a scroll of identify
 p - 2 scrolls of teleportation
Potions
 b - 2 potions of might
 f - 2 potions of mutation
 g - 2 potions of heal wounds
 j - 4 potions of curing
 k - a potion of attraction {unknown}
 l - a potion of berserk rage {unknown}
 m - a potion of magic {unknown}
 o - a potion of resistance {unknown}
 q - a potion of experience {unknown}
 r - a potion of degeneration {unknown}
 s - a potion of cancellation {unknown}
 t - a potion of enlightenment {unknown}

Dungeon Overview and Level Annotations

Branches:
Dungeon (9/15)             Temple (1/1) D:5
   Lair: D:8-11         Orc: D:9-12

Altars:
Ashenzari
Cheibriados
Dithmenos
Elyvilon
Fedhas
Gozag
Hepliaklqana
Kikubaaqudgha
Makhleb
Nemelex Xobeh
Okawaru
Qazlal
Ru
Sif Muna
Trog
Uskayaw
Vehumet
Wu Jian
Xom
Yredelemnul
Zin
The Shining One

Annotations:
D:3 1 runed translucent door, qw's ghost, amateur GrHs


Message History

You hear two shouts!
You shoot an arrow. The arrow hits the manticore!
The arrow burns the manticore.
The manticore is almost dead.
A two-headed ogre comes into view.
It is wielding a +0 giant spiked club and a +0 giant club.
You shoot an arrow. The arrow closely misses the manticore.
The arrow closely misses the howler monkey.
The two-headed ogre shouts in stereo!
You shoot an arrow. The arrow barely misses the manticore.
You shoot an arrow.
The arrow hits the two-headed ogre but does no damage.
The two-headed ogre hits you with a +0 giant spiked club!!
The two-headed ogre hits you but does no damage.
The howler monkey hoots and howls with incredible vigour!
You hear a howl!
You hear a bellow! x3; You hear a deafening roar!
You hear a shout!
You hear a deafening roar!
You hear a shout!
You hear a deafening roar!
You shoot an arrow.
The arrow completely misses the two-headed ogre.
The arrow barely misses the manticore.
You shoot an arrow. The arrow hits the two-headed ogre.
The arrow burns the two-headed ogre.
The two-headed ogre is lightly wounded.
The two-headed ogre closely misses you. The two-headed ogre misses you.
You shoot an arrow. The arrow hits the two-headed ogre!
The arrow burns the two-headed ogre!
The two-headed ogre is heavily wounded.
You shoot an arrow.
The arrow hits the two-headed ogre but does no damage.
The two-headed ogre is heavily wounded.
You carefully extract the barbed spikes from your body.
The two-headed ogre misses you. You furiously retaliate!
You headbutt the two-headed ogre!
The two-headed ogre hits you with a +0 giant club!
The howler monkey hoots and howls with incredible vigour!
You hear an angry buzzing noise. x2; You hear a shout!
8222 ||| READING 3 scrolls of teleportation.
As you read the scroll of teleportation, it crumbles to dust.
You feel strangely unstable.
The two-headed ogre hits you with a +0 giant spiked club!
You die... #.# #.# #.# .%. ##.## hH.

#O# #@# #.# ##.#
#..# ##.##
########.).####.#
........)#......#
########...####..o
##.##


You could see a two-headed ogre, a manticore and a howler monkey.

Vanquished Creatures
  A hornet (D:7)
  Sigmund (D:2)
  9 yaks (D:9)
  A steam dragon (D:8)
  An acid dragon (D:6)
  A water moccasin (D:8)
  An orc warrior (D:8)
  3 ice beasts
  A sky beast (D:7)
  2 black bears (D:5)
  An ogre (D:5)
  2 centaurs
  7 phantoms
  A bullfrog (D:5)
  5 scorpions
  3 wights (D:8)
  An electric eel (D:8)
  2 howler monkeys
  4 hounds
  A quasit (D:7)
  A jelly (D:6)
  7 orc priests
  4 iguanas
  A sleepcap (D:4)
  Jessica (D:3)
  6 orc wizards
  Terence (D:2)
  4 adders
  A gnoll (D:3)
  4 shadow imps
  5 white imps (D:7)
  2 ufetubi
  5 worms
  2 dart slugs
  15 orcs
  8 bats
  8 endoplasms
  6 giant cockroaches
  6 hobgoblins
  11 jackals (D:1)
  6 quokkas
  11 ball pythons
  A frilled lizard (D:1)
  3 goblins
  4 kobolds
  2 rats (D:1)
173 creatures vanquished.

Notes
Turn   | Place    | Note
-------+----------+-------------------------------------------
     0 | D:1      | qw the Minotaur Hexslinger began the quest for the Orb.
     0 | D:1      | Reached XP level 1. HP: 16/16 MP: 1/1
     0 | D:1      | 0 ||| qw: Version: 0.3-a-52-g30416fa
     0 | D:1      | 0 ||| qw: Game counter: 4597
     0 | D:1      | 0 ||| qw: Melee chars always use a shield: true
     0 | D:1      | 0 ||| qw: God list: Okawaru
     0 | D:1      | 0 ||| qw: Allow faded altars: false
     0 | D:1      | 0 ||| qw: Do Orc after clearing Dungeon:15 true
     0 | D:1      | 0 ||| qw: Do second Lair branch before Depths: true
     0 | D:1      | 0 ||| qw: Lair rune preference: random
     0 | D:1      | 0 ||| qw: Goals: Normal
     0 | D:1      | 0 ||| PLANNING D:1-11
    55 | D:1      | 55 ||| READING scroll labelled HURAOTAOTS.
    63 | D:1      | Reached skill level 3 in Ranged Weapons
    64 | D:1      | Reached XP level 2. HP: 18/23 MP: 2/2
   194 | D:1      | Found a faded altar of an unknown god.
   367 | D:1      | Reached XP level 3. HP: 20/29 MP: 3/3
   494 | D:1      | Reached skill level 4 in Ranged Weapons
   800 | D:1      | 800 ||| UPGRADING to +0 pair of gloves.
   805 | D:1      | 805 ||| READING scroll labelled TAHAOMOGHE.
   805 | D:1      | Identified a scroll of acquirement
   805 | D:1      | 805 ||| ACQUIRING +1 cloak of Starlight {*Dazzle EV+4
                  | Stlth--}
   805 | D:1      | Acquired the +1 cloak of Starlight {*Dazzle EV+4 Stlth--}
   805 | D:1      | Found the +1 cloak of Starlight {*Dazzle EV+4 Stlth--}
   807 | D:1      | 807 ||| UPGRADING to +1 cloak of Starlight {*Dazzle EV+4
                  | Stlth--}.
   812 | D:1      | 812 ||| READING scroll labelled YMIGGU AGHEMP.
   813 | D:1      | 813 ||| READING scroll labelled GIUJUU DIPPE.
   814 | D:1      | 814 ||| READING scroll labelled OWIDWO UCZIR.
   815 | D:1      | 815 ||| DRINKING 2 viscous emerald potions.
   816 | D:1      | 816 ||| DROPPING scroll of poison.
   898 | D:2      | Found an ancient bone altar of Kikubaaqudgha.
   919 | D:2      | Reached XP level 4. HP: 23/36 MP: 4/4
  1034 | D:2      | Noticed Terence
  1039 | D:2      | Killed Terence
  1040 | D:2      | Reached skill level 5 in Ranged Weapons
  1402 | D:2      | Noticed Sigmund
  1404 | D:2      | 1404 ||| DRINKING potion of curing.
  1404 | D:2      | 1404 ||| (to cure confusion)
  1412 | D:2      | Killed Sigmund
  1413 | D:2      | Reached XP level 5. HP: 35/48 MP: 5/5
  1566 | D:2      | 1566 ||| UPGRADING to +0 ring mail.
  1576 | D:2      | 1576 ||| DROPPING +0 robe.
  1577 | D:2      | 1577 ||| READING scroll labelled SUUSEO OSEKE.
  1628 | D:3      | Noticed Jessica
  1636 | D:3      | Killed Jessica
  1637 | D:3      | Reached skill level 1 in Armour
  1637 | D:3      | Reached XP level 6. HP: 32/56 MP: 6/6
  2204 | D:3      | HP: 12/56 [centaur (5)]
  2375 | D:3      | 2375 ||| SWAPPING to +0 shortbow.
  2376 | D:3      | 2376 ||| DROPPING +1 sling.
  2622 | D:3      | Found a runed translucent door.
  2631 | D:3      | Noticed qw's ghost (amateur GrHs)
  2678 | D:3      | Reached skill level 6 in Ranged Weapons
  2763 | D:3      | 2763 ||| UPGRADING to +4 ring of protection.
  2764 | D:3      | 2764 ||| DRINKING 2 red potions.
  2869 | D:4      | Reached XP level 7. HP: 60/61 MP: 7/7
  2892 | D:4      | Reached skill level 7 in Ranged Weapons
  2943 | D:4      | Reached skill level 3 in Armour
  3202 | D:4      | Identified the +2 shortbow of Imminent Death {drain, Str-4
                  | Int+8 SInv}
  3204 | D:4      | 3204 ||| SWAPPING to +2 shortbow of Imminent Death {drain,
                  | Str-4 Int+8 SInv}.
  3205 | D:4      | 3205 ||| DROPPING +0 shortbow.
  3469 | D:4      | Found a snail-covered altar of Cheibriados.
  3470 | D:4      | 3470 ||| DROPPING scarf of repulsion.
  3719 | D:5      | Entered Level 5 of the Dungeon
  3723 | D:5      | 3723 ||| Stepping ~*~*~tactically~*~*~ (outnumbered).
  3732 | D:5      | Reached skill level 8 in Ranged Weapons
  3815 | D:5      | Found a staircase to the Ecumenical Temple.
  3816 | D:5      | 3816 ||| PLANNING TEMPLE
  3827 | D:5      | Reached XP level 8. HP: 62/68 MP: 8/8
  3844 | D:5      | 3844 ||| READING scroll labelled AGHOMO XICOL.
  3845 | D:5      | 3845 ||| READING scroll labelled KIECERPHUONT.
  3854 | Temple   | Entered the Ecumenical Temple
  4102 | Temple   | 4102 ||| PLANNING OKAWARU WORSHIP
  4272 | Temple   | Became a worshipper of Warmaster Okawaru
  4273 | Temple   | 4273 ||| PLANNING D:1-11
  4352 | D:5      | Reached skill level 9 in Ranged Weapons
  4518 | D:5      | Reached skill level 6 in Fighting
  4725 | D:5      | Reached * piety under Okawaru
  4820 | D:5      | 4820 ||| SWAPPING to +0 orcbow.
  4821 | D:5      | 4821 ||| DROPPING +2 shortbow of Imminent Death {drain,
                  | Str-4 Int+8 SInv}.
  4945 | D:5      | 4945 ||| UPGRADING to ring of see invisible.
  4946 | D:5      | 4946 ||| READING scroll labelled QONOAMP JETWADIE.
  4947 | D:5      | 4947 ||| DRINKING 2 bubbling green potions.
  4947 | D:5      | Gained mutation: Your spells are a little easier to cast,
                  | but a little less powerful. [potion of mutation]
  4947 | D:5      | Gained mutation: Your body sometimes deteriorates upon
                  | taking damage. [potion of mutation]
  4947 | D:5      | Lost mutation: Your spells are a little easier to cast, but
                  | a little less powerful. [potion of mutation]
  4947 | D:5      | Gained mutation: You possess an exceptional clarity of
                  | mind. [potion of mutation]
  4995 | D:6      | 4995 ||| INVOKING Heroism.
  4996 | D:6      | 4996 ||| INVOKING Heroism.
  4998 | D:6      | Reached skill level 3 in Dodging
  5227 | D:6      | Reached skill level 10 in Ranged Weapons
  5237 | D:6      | 5237 ||| INVOKING Heroism.
  5497 | D:6      | Reached skill level 1 in Invocations
  5539 | D:6      | Reached XP level 9. HP: 79/79 MP: 9/9
  5544 | D:6      | 5544 ||| INVOKING Heroism.
  5949 | D:7      | Reached skill level 3 in Invocations
  5962 | D:7      | 5962 ||| INVOKING Heroism.
  6106 | D:7      | 6106 ||| INVOKING Heroism.
  6310 | D:7      | 6310 ||| Stepping ~*~*~tactically~*~*~ (outnumbered).
  6313 | D:7      | 6313 ||| Stepping ~*~*~tactically~*~*~ (outnumbered).
  6317 | D:7      | Reached skill level 11 in Ranged Weapons
  6374 | D:7      | 6374 ||| Stepping ~*~*~tactically~*~*~ (outnumbered).
  6376 | D:7      | 6376 ||| Stepping ~*~*~tactically~*~*~ (outnumbered).
  6383 | D:7      | Reached ** piety under Okawaru
  6535 | D:7      | Found an ornate altar of the Wu Jian Council.
  6675 | D:7      | 6675 ||| READING 3 scrolls of identify.
  6675 | D:7      | 6675 ||| IDENTIFYING black potion
  6676 | D:7      | 6676 ||| READING 2 scrolls of identify.
  6676 | D:7      | 6676 ||| IDENTIFYING bubbling blue potion
  6677 | D:7      | 6677 ||| DROPPING potion of brilliance.
  6945 | D:8      | 6945 ||| INVOKING Heroism.
  6950 | D:8      | 6950 ||| Stepping ~*~*~tactically~*~*~ (cloud).
  7168 | D:8      | 7168 ||| INVOKING Heroism.
  7367 | D:8      | Reached skill level 12 in Ranged Weapons
  7433 | D:8      | 7433 ||| Stepping ~*~*~tactically~*~*~ (outnumbered).
  7435 | D:8      | 7435 ||| INVOKING Heroism.
  7669 | D:8      | 7669 ||| INVOKING Heroism.
  7864 | D:8      | 7864 ||| DRINKING 2 viscous brown potions.
  7865 | D:8      | 7865 ||| READING 2 scrolls of identify.
  7865 | D:8      | 7865 ||| IDENTIFYING lumpy black potion
  7866 | D:8      | 7866 ||| DROPPING potion of lignification.
  7867 | D:8      | 7867 ||| DROPPING potion of invisibility.
  8004 | D:9      | Reached XP level 10. HP: 80/88 MP: 12/12
  8019 | D:9      | 8019 ||| INVOKING Heroism.
  8157 | D:9      | 8157 ||| Stepping ~*~*~tactically~*~*~ (outnumbered).
  8158 | D:9      | 8158 ||| Stepping ~*~*~tactically~*~*~ (outnumbered).
  8160 | D:9      | 8160 ||| Stepping ~*~*~tactically~*~*~ (outnumbered).
  8162 | D:9      | 8162 ||| Stepping ~*~*~tactically~*~*~ (outnumbered).
  8164 | D:9      | 8164 ||| Stepping ~*~*~tactically~*~*~ (outnumbered).
  8198 | D:9      | 8198 ||| INVOKING Heroism.
  8209 | D:9      | Noticed a manticore
  8214 | D:9      | Noticed a two-headed ogre
  8221 | D:9      | HP: 13/88 [two-headed ogre/+0 giant spiked club (14)]
  8222 | D:9      | 8222 ||| READING 3 scrolls of teleportation.
  8222 | D:9      | Slain by a two-headed ogre

Levels and vault maps discovered:
D:1:      dpeg_arrival_orchard, layout_loops_ring,
          nicolae_ecumenical_snake_handling, item_on_display_b
D:2:      layout_loops_ring, basic_altar, chequers_serial_rivers_small_b,
          uniq_terence, uniq_sigmund
D:3:      layout_loops_corners, ebering_ghost_sewer_d, st_stairs_13,
          roderic_st_hans_cross, grunt_ministairs_12, cheibrodos_gnoll_hut,
          uniq_jessica
D:4:      nicolae_cairo_tiling_large_dashed, layout_basic,
          cheibrodos_worm_habitat
D:5:      layout_loops_cross, minmay_temple_entry_junction,
          kennysheep_generic_room_11
D:6:      layout_gridville
D:7:      layout_loops_ring, kennysheep_little_box, serial_demonic,
          serial_demonic_d, serial_demonic_e, serial_demonic_d, serial_demonic_f
D:8:      layout_basic, chequers_avenue, dk_noncrumbling_3
D:9:      layout_loops_ring, dpeg_lair_monsters, david_orc_2, serial_shops,
          nicolae_shop_hallway_stairs
Temple:   mainiacjoe_temple_big_plus

Skill      XL: |  1  2  3  4  5  6  7  8  9 10 |
---------------+-------------------------------+-----
Ranged Weapons | 3 4 5 6 8 10 12 | 12.8
Fighting       | 2 5 7 8 |  8.0
Armour         | 1 3 4 |  4.1
Dodging        | 3 4 5 |  5.3
Invocations    | 1 4 |  4.0
Spellcasting   | |  1.0
Hexes          | |  2.0

Action                     |  1- 3 |  4- 6 |  7- 9 | 10-12 || total
---------------------------+-------+-------+-------+-------++-------
   Fire: Sling             |   109 |    89 |       |       ||   198
         Shortbow          |       |    42 |   154 |       ||   196
         Orcbow            |       |       |   207 |    77 ||   284
 Invoke: Heroism           |       |       |     9 |     2 ||    11
    Use: Scroll            |     5 |     1 |     6 |     1 ||    13
         Potion            |     1 |     2 |     2 |       ||     5
 Armour: Robe              |    14 |     3 |       |       ||    17
         Ring mail         |       |    15 |    61 |     6 ||    82
  Dodge: Dodged            |    54 |    74 |   186 |    43 ||   357

Table legend:
 A = Non-vault XP
 B = Vault XP
 C = Vault XP percentage of total XP
 D = Non-vault monster count
 E = Vault monster count
 F = Vault count percentage of total count
                 A         B        C        D         E       F
            +---------+---------+-------+---------+---------+-------
      Total |    6536 |     586 |   8.2 |     150 |      23 |  13.3
            +---------+---------+-------+---------+---------+-------
        D:1 |      63 |       4 |   6.0 |      33 |       3 |   8.3
        D:2 |      50 |     255 |  83.6 |       7 |       2 |  22.2
        D:3 |     132 |     141 |  51.6 |      12 |       7 |  36.8
        D:4 |     384 |       5 |   1.3 |      21 |       1 |   4.5
        D:5 |    1062 |      54 |   4.8 |      20 |       1 |   4.8
        D:6 |     738 |       0 |   0.0 |      15 |       0 |   0.0
        D:7 |    1230 |     127 |   9.4 |      13 |       9 |  40.9
        D:8 |     894 |       0 |   0.0 |      16 |       0 |   0.0
        D:9 |    1983 |       0 |   0.0 |      13 |       0 |   0.0
            +---------+---------+-------+---------+---------+-------
